MID
FORT WAYNE TINCAPS @ HARTFORD YARD GOATS
08/16/2045
 
TOP OF THE 1ST
Fort Wayne TinCaps batting - Pitching for Hartford Yard Goats : RHP Dave Spriggs
Pitching: RHP Dave Spriggs
Batting: RHB Wally Cangro 0-0: Ground out 4-3 (Groundball, 4, EV 108.1 MPH)
Batting: LHB Angel Mejia 0-0: Ball
1-0: Called Strike
1-1: Ball
2-1: Foul Ball, location: 2F
2-2: Foul Ball, location: 2F
2-2: SINGLE (Line Drive, 7LM, EV 101.9 MPH)
Batting: SHB Adam Martin 0-0: Called Strike
0-1: Called Strike
Pickoff Throw to First - Error! E1
Angel Mejia to second
0-2: Strikes out swinging
Batting: SHB Josh Parker 0-0: Foul Ball, location: 2F
0-1: Ground out 1-3 (Groundball, 15S, EV 64.4 MPH)
Top of the 1st over - 0 runs, 1 hit, 1 error, 1 left on base; Fort Wayne 0 - Hartford 0
BOTTOM OF THE 1ST
Hartford Yard Goats batting - Pitching for Fort Wayne TinCaps : RHP Roger Watkins
Pitching: RHP Roger Watkins
Batting: LHB Glenn Lowther 0-0: Ball
1-0: Called Strike
1-1: Fly out, F1 (Line Drive, P, EV 72.5 MPH)
Batting: LHB Greg Valenzuela 0-0: Ball
1-0: Called Strike
1-1: Swinging Strike
1-2: Ball
2-2: Foul Ball, location: 2F
2-2: Foul Ball, location: 2F
2-2: Strikes out swinging
Batting: RHB Eric Garrett 0-0: Called Strike
0-1: Ball
1-1: Ball
2-1: Foul Ball, location: 2F
2-2: Ball
3-2: SINGLE (Groundball, P, EV 89.4 MPH) (infield hit)
Batting: LHB Jeremy Brammer 0-0: Ball
1-0: Foul Ball, location: 2F
1-1: Ball
2-1: Ball
3-1: Base on Balls
Eric Garrett to second
Batting: RHB Tyler Stebbins 0-0: Ball
1-0: Called Strike
1-1: Called Strike
1-2: Ball
2-2: Ball
3-2: Foul Ball, location: 2F
3-2: Base on Balls
Eric Garrett to third
Jeremy Brammer to second
Batting: RHB Bryce Hickman 0-0: Swinging Strike
0-1: Swinging Strike
0-2: Ball
1-2: Ball
2-2: Foul Ball, location: 2F
2-2: Ball
3-2: Ground out 6-3 (Groundball, 56, EV 102.5 MPH)
Bottom of the 1st over - 0 runs, 1 hit, 0 errors, 3 left on base; Fort Wayne 0 - Hartford 0
TOP OF THE 2ND
Fort Wayne TinCaps batting - Pitching for Hartford Yard Goats : RHP Dave Spriggs
Batting: SHB Tim Edelman 0-0: Called Strike
0-1: Ball
1-1: Called Strike
1-2: Fly out, F6 (Line Drive, 6, EV 73.1 MPH)
Batting: RHB Davey Verhoog 0-0: Called Strike
0-1: Swinging Strike
0-2: Strikes out swinging
Batting: LHB Phil Lerner 0-0: Ball
1-0: Swinging Strike
1-1: Foul Ball, location: 2F
1-2: Strikes out swinging
Top of the 2nd over - 0 runs, 0 hits, 0 errors, 0 left on base; Fort Wayne 0 - Hartford 0
BOTTOM OF THE 2ND
Hartford Yard Goats batting - Pitching for Fort Wayne TinCaps : RHP Roger Watkins
Batting: LHB Zane Kelton 0-0: Called Strike
0-1: Ball
1-1: Swinging Strike
1-2: Strikes out swinging
Batting: RHB Guillermo Veronese 0-0: Called Strike
0-1: Ball
1-1: Foul Ball, location: 2F
1-2: Strikes out swinging, 2-3 out at first.
Batting: RHB Keith Giarratano 0-0: Called Strike
0-1: SINGLE (Groundball, 4MD, EV 98.8 MPH)
Batting: LHB Glenn Lowther 0-0: Ball
1-0: Swinging Strike
1-1: Fielders Choice at 2nd, 5-4 (Groundball, 5, EV 80.6 MPH)
Bottom of the 2nd over - 0 runs, 1 hit, 0 errors, 1 left on base; Fort Wayne 0 - Hartford 0
TOP OF THE 3RD
Fort Wayne TinCaps batting - Pitching for Hartford Yard Goats : RHP Dave Spriggs
Batting: SHB Ryohei Nakano 0-0: Foul Ball, location: 2F
0-1: Ball
1-1: Ball
2-1: Foul Ball, location: 2F
2-2: Ground out 5-3 (Groundball, 6S, EV 85.0 MPH)
Batting: RHB Ron Major 0-0: Ball
1-0: Swinging Strike
1-1: Ball
2-1: Ball
3-1: Foul Ball, location: 2F
3-2: Strikes out looking
Batting: RHB Wally Cangro 0-0: Swinging Strike
0-1: Foul Ball, location: 2F
0-2: Ground out U3 (Groundball, 34, EV 102.5 MPH)
Top of the 3rd over - 0 runs, 0 hits, 0 errors, 0 left on base; Fort Wayne 0 - Hartford 0
BOTTOM OF THE 3RD
Hartford Yard Goats batting - Pitching for Fort Wayne TinCaps : RHP Roger Watkins
Batting: LHB Greg Valenzuela 0-0: Ball
1-0: Foul Ball, location: 2F
1-1: Ball
2-1: Ball
3-1: Ground out 6-3 (Groundball, 6MD, EV 78.1 MPH)
Batting: RHB Eric Garrett 0-0: Ball
1-0: Foul Ball, location: 2F
1-1: Ground out U3 (Groundball, 3S, EV 93.1 MPH)
Batting: LHB Jeremy Brammer 0-0: Swinging Strike
0-1: Ball
1-1: Foul Ball, location: 2F
1-2: Ball
2-2: Foul Ball, location: 2F
2-2: Ball
3-2: Foul Ball, location: 2F
3-2: Fly out, F9 (Flyball, 89M, EV 89.4 MPH)
Bottom of the 3rd over - 0 runs, 0 hits, 0 errors, 0 left on base; Fort Wayne 0 - Hartford 0
TOP OF THE 4TH
Fort Wayne TinCaps batting - Pitching for Hartford Yard Goats : RHP Dave Spriggs
Batting: LHB Angel Mejia 0-0: Called Strike
0-1: Called Strike
0-2: Ball
1-2: Ground out 4-3 (Groundball, 34, EV 87.5 MPH)
Batting: SHB Adam Martin 0-0: Swinging Strike
0-1: Swinging Strike
0-2: SINGLE (Line Drive, 8RS, EV 92.5 MPH)
Batting: SHB Josh Parker 0-0: Ball
1-0: SINGLE (Groundball, 3D, EV 105.0 MPH)
Adam Martin to second
Runner from 2nd tries for 3rd, SAFE, throw by RF made at trailing runner, OUT! 9-6
Batting: SHB Tim Edelman 0-0: SINGLE (Groundball, 34, EV 105.0 MPH)
Adam Martin scores
Batting: RHB Davey Verhoog 0-0: Ball
1-0: Ball
2-0: Ball
3-0: Called Strike
3-1: Base on Balls
Tim Edelman to second
Batting: LHB Phil Lerner 0-0: Swinging Strike
0-1: Called Strike
0-2: Foul Ball, location: 2F
0-2: Ball
1-2: Ball
2-2: Ball
3-2: Strikes out swinging
Top of the 4th over - 1 run, 3 hits, 0 errors, 2 left on base; Fort Wayne 1 - Hartford 0
BOTTOM OF THE 4TH
Hartford Yard Goats batting - Pitching for Fort Wayne TinCaps : RHP Roger Watkins
Batting: RHB Tyler Stebbins 0-0: Ball
1-0: Called Strike
1-1: Ball
2-1: Foul Ball, location: 2F
2-2: Ball
3-2: Foul Ball, location: 2F
3-2: Base on Balls
Batting: RHB Bryce Hickman 0-0: Fly out, F7 (Line Drive, 7, EV 99.4 MPH)
Batting: LHB Zane Kelton 0-0: Ball
1-0: Ball
2-0: Foul Ball, location: 2F
2-1: Foul Ball, location: 2F
2-2: Strikes out swinging
Batting: RHB Guillermo Veronese 0-0: Called Strike
0-1: Ball
1-1: Ball
2-1: Foul Ball, location: 2F
2-2: Foul Ball, location: 2F
2-2: Strikes out looking
Bottom of the 4th over - 0 runs, 0 hits, 0 errors, 1 left on base; Fort Wayne 1 - Hartford 0
TOP OF THE 5TH
Fort Wayne TinCaps batting - Pitching for Hartford Yard Goats : RHP Dave Spriggs
Batting: SHB Ryohei Nakano 0-0: Foul Ball, location: 2F
0-1: Called Strike
0-2: Foul Ball, location: 2F
0-2: Foul Ball, location: 2F
0-2: Foul Ball, location: 2F
0-2: Ball
1-2: Foul Ball, location: 2F
1-2: SINGLE (Groundball, 56D, EV 93.8 MPH)
Batting: RHB Ron Major 0-0: Called Strike
Ryohei Nakano steals 2nd base
0-1: Ball
1-1: Foul Ball, location: 2F
1-2: Ball
2-2: SINGLE (Line Drive, 89M, EV 100.6 MPH)
Ryohei Nakano to third
Batting: RHB Wally Cangro 0-0: Ball
1-0: SINGLE (Groundball, 56, EV 105.0 MPH) (infield hit)
Ryohei Nakano scores
Ron Major to second
Batting: LHB Angel Mejia 0-0: Called Strike
0-1: Ball
1-1: Fielders Choice at 2nd, 4-6 (Groundball, 4, EV 101.9 MPH)
Ron Major to third
Batting: SHB Adam Martin 0-0: Called Strike
Angel Mejia steals 2nd base
0-1: Ball
1-1: Foul Ball, location: 2F
1-2: Fly out, F7 (Flyball, 7S, EV 87.5 MPH)
Pitching: RHP Angelo Ayala
Batting: SHB Josh Parker 0-0: Foul Ball, location: 2F
0-1: Ball
1-1: Ball
2-1: Called Strike
2-2: Ball
3-2: SINGLE (Groundball, 4M, EV 103.1 MPH) (infield hit)
Ron Major scores
Angel Mejia to third
Batting: SHB Tim Edelman 0-0: Ball
1-0: Called Strike
1-1: Ball
2-1: Called Strike
2-2: Strikes out swinging
Top of the 5th over - 2 runs, 4 hits, 0 errors, 2 left on base; Fort Wayne 3 - Hartford 0
BOTTOM OF THE 5TH
Hartford Yard Goats batting - Pitching for Fort Wayne TinCaps : RHP Roger Watkins
Pitching: LHP Alex Pulido
Batting: RHB Keith Giarratano 0-0: Ball
1-0: Called Strike
1-1: Foul Ball, location: 2F
1-2: Ball
2-2: SOLO HOME RUN (Line Drive, 7D, EV 100.6 MPH), Distance : 396 ft
Batting: LHB Glenn Lowther 0-0: Called Strike
0-1: Ball
1-1: Ball
2-1: Ball
3-1: Called Strike
3-2: Ground out 4-3 (Groundball, 4, EV 103.1 MPH)
Batting: LHB Greg Valenzuela 0-0: Called Strike
0-1: Called Strike
0-2: Strikes out swinging
Batting: RHB Eric Garrett 0-0: Ball
1-0: Called Strike
1-1: Ball
2-1: SINGLE (Flyball, 5D, EV 98.1 MPH)
Batting: LHB Jeremy Brammer 0-0: Fly out, F5 (Popup, 5SF, EV 70.6 MPH)
Bottom of the 5th over - 1 run, 2 hits, 0 errors, 1 left on base; Fort Wayne 3 - Hartford 1
TOP OF THE 6TH
Fort Wayne TinCaps batting - Pitching for Hartford Yard Goats : RHP Angelo Ayala
Batting: RHB Davey Verhoog 0-0: Foul Ball, location: 2F
0-1: Ball
1-1: Ball
2-1: Swinging Strike
2-2: Foul Ball, location: 2F
2-2: Fly out, F7 (Flyball, 7LS, EV 78.8 MPH)
Batting: LHB Phil Lerner 0-0: Foul Ball, location: 2F
0-1: Foul Ball, location: 2F
0-2: Ball
1-2: Ball
2-2: Foul Ball, location: 2F
2-2: Strikes out swinging
Batting: SHB Ryohei Nakano 0-0: Foul Ball, location: 2F
0-1: Foul Ball, location: 2F
0-2: DOUBLE (Flyball, 8RXD, EV 102.5 MPH)
Batting: RHB Ron Major 0-0: Called Strike
0-1: Swinging Strike
0-2: Strikes out looking
Top of the 6th over - 0 runs, 1 hit, 0 errors, 1 left on base; Fort Wayne 3 - Hartford 1
BOTTOM OF THE 6TH
Hartford Yard Goats batting - Pitching for Fort Wayne TinCaps : LHP Alex Pulido
Batting: RHB Tyler Stebbins 0-0: DOUBLE (Flyball, 78XD, EV 90.6 MPH)
Batting: RHB Bryce Hickman 0-0: Ball
1-0: SINGLE (Groundball, 34D, EV 108.8 MPH)
Tyler Stebbins to third
Runner from 3rd tries for Home, throw by RF and OUT! 9-2
Batting: LHB Zane Kelton 0-0: Ball
1-0: Fly out, F2 (Popup, 5SF, EV 82.5 MPH)
Batting: RHB Guillermo Veronese 0-0: Ball
1-0: Called Strike
1-1: Swinging Strike
1-2: Strikes out swinging
Bottom of the 6th over - 0 runs, 2 hits, 0 errors, 1 left on base; Fort Wayne 3 - Hartford 1
TOP OF THE 7TH
Fort Wayne TinCaps batting - Pitching for Hartford Yard Goats : RHP Angelo Ayala
Pitching: RHP Tony Barragan
Batting: RHB Wally Cangro 0-0: Ball
1-0: Ball
2-0: Ball
3-0: Base on Balls
Batting: LHB Angel Mejia 0-0: Ball
Wally Cangro is caught stealing 2nd base 2-6
1-0: Ball
2-0: Ball
3-0: Base on Balls
Batting: SHB Adam Martin 0-0: Ball
Angel Mejia steals 2nd base
1-0: Ball
Angel Mejia steals 3rd base
2-0: DOUBLE (Groundball, 3L, EV 104.4 MPH)
Angel Mejia scores
Batting: SHB Josh Parker 0-0: Fly out, F8 (Flyball, 8RM, EV 93.1 MPH)
Batting: SHB Tim Edelman 0-0: Called Strike
0-1: Foul Ball, location: 2F
0-2: Foul Ball, location: 2F
0-2: Foul Ball, location: 2F
0-2: Strikes out looking
Top of the 7th over - 1 run, 1 hit, 0 errors, 1 left on base; Fort Wayne 4 - Hartford 1
BOTTOM OF THE 7TH
Hartford Yard Goats batting - Pitching for Fort Wayne TinCaps : LHP Alex Pulido
Now in RF: Tom Tate
Batting: RHB Keith Giarratano 0-0: Fly out, F7 (Line Drive, 7D, EV 105.0 MPH)
Batting: LHB Glenn Lowther 0-0: Called Strike
0-1: Ball
1-1: Ground out 6-3 (Groundball, 6, EV 88.1 MPH)
Batting: LHB Greg Valenzuela 0-0: Ball
1-0: Swinging Strike
1-1: Ball
2-1: Ball
3-1: Base on Balls
Batting: RHB Eric Garrett 0-0: Called Strike
Greg Valenzuela steals 2nd base
0-1: Ball
1-1: SINGLE (Groundball, 25, EV 67.5 MPH) (infield hit)
Greg Valenzuela to third
Batting: LHB Jeremy Brammer 0-0: Foul Ball, location: 2F
0-1: Swinging Strike
0-2: Ball
1-2: Foul Ball, location: 2F
1-2: Fly out, F4 (Popup, 3D, EV 70.6 MPH)
Bottom of the 7th over - 0 runs, 1 hit, 0 errors, 2 left on base; Fort Wayne 4 - Hartford 1
TOP OF THE 8TH
Fort Wayne TinCaps batting - Pitching for Hartford Yard Goats : RHP Tony Barragan
Pitching: LHP Dan Ott
Batting: RHB Davey Verhoog 0-0: Ball
1-0: SOLO HOME RUN (Flyball, 78XD, EV 99.4 MPH), Distance : 404 ft
Batting: LHB Phil Lerner 0-0: Ball
1-0: Swinging Strike
1-1: Ball
2-1: Ball
3-1: Swinging Strike
3-2: Base on Balls
Batting: SHB Ryohei Nakano 0-0: Called Strike
0-1: Ball
Phil Lerner steals 2nd base
1-1: Called Strike
1-2: Strikes out swinging
Batting: RHB Ron Major 0-0: Ball
1-0: SINGLE (Line Drive, 8LS, EV 103.8 MPH)
Phil Lerner to third
Runner from 3rd tries for Home, SAFE, throw by CF to home
Batting: RHB Wally Cangro 0-0: Called Strike
Ron Major steals 2nd, throwing error, E2
Ron Major to third
0-1: Ball
1-1: Swinging Strike
1-2: Fly out, F7 (Flyball, 7LS, EV 92.5 MPH)
Batting: LHB Angel Mejia 0-0: Ground out 4-3 (Groundball, 4, EV 88.1 MPH)
Top of the 8th over - 2 runs, 2 hits, 1 error, 1 left on base; Fort Wayne 6 - Hartford 1
BOTTOM OF THE 8TH
Hartford Yard Goats batting - Pitching for Fort Wayne TinCaps : LHP Alex Pulido
Batting: RHB Tyler Stebbins 0-0: Ball
1-0: Ball
2-0: SOLO HOME RUN (Flyball, 78XD, EV 102.5 MPH), Distance : 401 ft
Batting: RHB Bryce Hickman 0-0: Ball
1-0: Swinging Strike
1-1: Ball
2-1: Foul Ball, location: 2F
2-2: Foul Ball, location: 2F
2-2: Foul Ball, location: 2F
2-2: Ball
3-2: Base on Balls
Pitching: RHP Bill Jacobs
Batting: LHB Zane Kelton 0-0: Called Strike
0-1: Swinging Strike
0-2: Foul Ball, location: 2F
0-2: Ball
1-2: Strikes out swinging
Batting: RHB Guillermo Veronese 0-0: Ball
1-0: Foul Ball, location: 2F
1-1: Ball
2-1: Called Strike
2-2: SINGLE (Line Drive, 6D, EV 99.4 MPH)
Bryce Hickman to second
Batting: RHB Keith Giarratano 0-0: Ball
1-0: Ball
2-0: Ball
3-0: Called Strike
3-1: Base on Balls
Bryce Hickman to third
Guillermo Veronese to second
Batting: LHB Glenn Lowther 0-0: Ball
1-0: Called Strike
1-1: DOUBLE (Flyball, 78D, EV 95.0 MPH)
Bryce Hickman scores
Guillermo Veronese scores
Keith Giarratano to third
Batting: LHB Greg Valenzuela 0-0: Ball
1-0: Ball
2-0: Ball
3-0: Base on Balls
Pinch Hitting: LHB Bill McGregor 0-0: Foul Ball, location: 2F
0-1: Grounds into fielders choice 5-2 (Groundball, 5S, EV 90.0 MPH)
Glenn Lowther to third
Greg Valenzuela to second
Batting: LHB Jeremy Brammer 0-0: Ball
1-0: Called Strike
1-1: Ball
2-1: Swinging Strike
2-2: Ball
3-2: Strikes out swinging
Bottom of the 8th over - 3 runs, 3 hits, 0 errors, 3 left on base; Fort Wayne 6 - Hartford 4
TOP OF THE 9TH
Fort Wayne TinCaps batting - Pitching for Hartford Yard Goats : LHP Dan Ott
Pitching: RHP Diego Arredondo
Now in CF: Bill McGregor
Batting: RHB Tom Tate 0-0: Called Strike
0-1: Ball
1-1: Ball
2-1: Swinging Strike
2-2: Strikes out looking
Batting: SHB Josh Parker 0-0: Ball
1-0: Fly out, F9 (Line Drive, 9, EV 91.2 MPH)
Batting: SHB Tim Edelman 0-0: Ball
1-0: Foul Ball, location: 2F
1-1: Foul Ball, location: 2F
1-2: Strikes out swinging
Top of the 9th over - 0 runs, 0 hits, 0 errors, 0 left on base; Fort Wayne 6 - Hartford 4
BOTTOM OF THE 9TH
Hartford Yard Goats batting - Pitching for Fort Wayne TinCaps : RHP Bill Jacobs
Pitching: RHP Arturo Diaz
Batting: RHB Tyler Stebbins 0-0: Called Strike
0-1: Ball
1-1: Called Strike
1-2: Strikes out swinging
Batting: RHB Bryce Hickman 0-0: Swinging Strike
0-1: Ball
1-1: Swinging Strike
1-2: Foul Ball, location: 2F
1-2: Foul Ball, location: 2F
1-2: Ball
2-2: Foul Ball, location: 2F
2-2: Ball
3-2: Strikes out swinging
Batting: LHB Zane Kelton 0-0: Ball
1-0: Swinging Strike
1-1: Ball
2-1: Foul Ball, location: 2F
2-2: Foul Ball, location: 2F
2-2: Ball
3-2: Strikes out swinging
Bottom of the 9th over - 0 runs, 0 hits, 0 errors, 0 left on base; Fort Wayne 6 - Hartford 4
Wednesday, June 22nd , 2022 - OOTP Baseball 23.4 Build 64